 Seeded DCSS version 0.29.1-15-g9cfb28693d (webtiles) character file.

Game seed: 11851575853161599096 (custom seed)

64 Sanktem7 the Shield-Bearer (level 4, -3/37 HPs)
             Began as a Formicid Fighter on Mar 20, 2023.
             Killed from afar by Natasha (8 damage)
             ... with a magic dart
             ... on level 3 of the Dungeon.
             The game lasted 00:04:11 (1903 turns).

Sanktem7 the Shield-Bearer (Formicid Fighter)       Turns: 1903, Time: 00:04:12

Health: -3/37      AC:  7    Str: 22    XL:     4   Next: 32%
Magic:  4/4        EV:  9    Int:  8    God:
Gold:   106        SH:  5    Dex: 13    Spells: 3/3 levels left

rFire   . . .      SeeInvis +   k - +0 battleaxe {axe}
rCold   . . .      Faith    .   c - +0 buckler
rNeg    . . .      Spirit   .   b - +0 scale mail
rPois   .          Reflect  .   (helmet unavailable)
rElec   .          Harm     .   (no cloak)
rCorr   .          Rampage  .   (no gloves)
Will    .....                   (no boots)
Stlth   ..........              (no amulet)
HPRegen 0.12/turn               (no ring)
MPRegen 0.09/turn               (no ring)

@: no status effects
A: permanent stasis, dig shafts and tunnels, antennae 3, four strong arms
a: Dig, Shaft Self


You were on level 3 of the Dungeon.
You visited 1 branch of the dungeon, and saw 3 of its levels.

You collected 106 gold pieces.


Innate Abilities, Weirdness & Mutations

You cannot be hasted, slowed, berserked, paralysed or teleported.
You can dig through walls and to a lower floor.
You have a pair of large antennae on your head. (SInv)
Your four strong arms can wield two-handed weapons with a shield.


   Skills:
 + Level 3.7 Fighting
 * Level 3.1 Axes
 + Level 3.7 Armour
 + Level 4.6 Shields


You had 3 spell levels left.
You didn't know any spells.
Your spell library contained the following spells:

 Spells                   Type           Power      Damage    Failure   Level
 Iskenderun's Battlesphe  Conj           0%         2d6       100%        5
 Iron Shot                Conj/Erth      0%         9d1       100%        6
 Spellforged Servitor     Conj/Summ      0%         N/A       100%        7

Inventory:

Hand Weapons
 k - a +0 battleaxe (weapon) {axe}
   (You found it on level 2 of the Dungeon)
Missiles
 h - 2 boomerangs {throwing}
 n - 13 stones {throwing}
Armour
 b - a +0 scale mail (worn)
 c - a +0 buckler (worn)
Magical Staves
 a - a staff of poison {!astaff}
   (You found it on level 2 of the Dungeon)
Jewellery
 j - a +4 ring of evasion
   (You found it on level 2 of the Dungeon)
 q - a +4 ring of slaying
   (You found it on level 1 of the Dungeon)
Scrolls
 i - 2 scrolls of teleportation {unknown}
 l - a scroll of identify {unknown}
 o - a scroll of poison {unknown}
 p - a scroll of blinking {unknown}
 r - a scroll of enchant weapon {unknown}
 s - a scroll of enchant armour {unknown}
 t - a scroll of noise {unknown}
Potions
 d - a potion of might
 e - a potion of curing {unknown}
 f - 2 potions of haste {unknown}
 g - a potion of brilliance {unknown}
 m - 3 potions of mutation {unknown}

Dungeon Overview and Level Annotations

Branches:
Dungeon (3/15) Zot: 16000

Altars:

Annotations:
D:3 Natasha

# ### #.#.###
#.#
#.#).<##....#
#...........#
.....#.####.####
##.# #.# # # #@#
#h# #5# #.5 ..#
..# ###


You could see Natasha, a crimson imp (summoned) and a shadow imp (summoned).


Message History

No target in view!
Key pressed, stopping explore.
Key pressed, stopping explore.
t - a scroll labelled TOIDOI XIXA You see here a +0 spear {polearm}.
Found a stone staircase leading down.
You sense a monster nearby.
A giant cockroach comes into view.
A giant cockroach is nearby!
A quokka comes into view.
The giant cockroach closely misses you.
You slash the giant cockroach!
You kill the giant cockroach!
You closely miss the quokka. You block the quokka's attack.
The quokka bites you but does no damage.
You barely miss the quokka. The quokka bites you. x2 😕 HP[-3]
You take 3 damage, and now have 34/37 hp.
A quokka is nearby!
A quokka is nearby!
You slash the quokka!
You kill the quokka!
No target in view!
You see here a giant cockroach corpse.
You pick up a book of Power and begin reading...
You add the spells Iskenderun's Battlesphere, Iron Shot and Spellforged Servitor to your library. 😎 HP[+3]
Your hp is fully restored (37).
Key pressed, stopping explore.
There is a staircase leading out of the dungeon here.
Key pressed, stopping explore.
Done exploring.
There is a stone staircase leading down here.
You climb downwards.
There is a stone staircase leading up here.
There is a stone staircase leading up here.
You see here a +0 war axe {axe}.
There is a stone staircase leading down here.
You climb downwards.
There is a stone staircase leading up here.
Natasha, Servant of Life and Death comes into view.
Natasha hisses angrily.
Natasha casts a spell at you.
Your stasis prevents you from being slowed.
Natasha mumbles some strange words.
You slice the white imp!!
You kill the white imp!
The white imp disappears in a puff of smoke!
Natasha stares at you and mumbles some strange words.
The magic dart hits you. 😕 HP[-6]
You take 6 damage, and now have 31/37 hp.
You miss Natasha. Natasha misses you. Natasha claws you but does no damage.
You barely miss Natasha. You block Natasha's attack.
You barely miss Natasha.
Natasha casts a spell.
Natasha claws you! 😮 HP[-8]
You take 8 damage, and now have 23/37 hp.
MASSIVE DAMAGE!! (PAUSE)
You hit Natasha. Natasha claws you but does no damage.
You barely miss Natasha.
Natasha stares at you and mumbles some strange words.
The magic dart hits you. Natasha claws you.
* * * LOW HITPOINT WARNING * * *
😨 HP[-8]
You take 8 damage, and now have 15/37 hp.
MASSIVE DAMAGE!! (PAUSE)
You barely miss Natasha. Natasha barely misses you. You block Natasha's attack.
You closely miss Natasha. You block Natasha's attack.
You hit Natasha. You block Natasha's attack. x2
You miss Natasha. Natasha claws you but does no damage.
You hit Natasha. Natasha casts a spell at you.
Your stasis prevents you from being slowed.
The white imp lashes its tail.
Natasha hisses.
Natasha mumbles some strange words. 😨 HP[+1]
You closely miss Natasha. Natasha claws you.
* * * LOW HITPOINT WARNING * * *
😨 HP[-5]
You take 5 damage, and now have 11/37 hp.
You hit Natasha.
The white imp disappears in a puff of smoke!
Natasha claws you.
* * * LOW HITPOINT WARNING * * *
Natasha closely misses you. 😱 HP[-5]
You take 5 damage, and now have 6/37 hp.
You closely miss Natasha. Natasha claws you.
* * * LOW HITPOINT WARNING * * *
😱 HP[-2]
You take 2 damage, and now have 4/37 hp.
You closely miss Natasha. Natasha claws you but does no damage.
Natasha casts a spell.
You closely miss Natasha. Natasha casts a spell at you.
The magic dart hits you!
You die...

Skill      XL: |  1  2  3  4 |
---------------+-------------+-----
Axes           | 3 |  3.1
Fighting       | |  3.7
Armour         | |  3.7
Shields        | |  4.6

Action                   |  1- 3 |  4- 6 || total
-------------------------+-------+-------++-------
Melee: War axe           |    17 |       ||    17
       Battleaxe         |   109 |    39 ||   148
Armor: Scale mail        |    91 |    13 ||   104
Dodge: Dodged            |    76 |    10 ||    86
Block: Buckler           |    40 |    10 ||    50

Levels and vault maps discovered:
D:1:      lightli_iron_boxes, layout_basic
D:2:      layout_rooms, shapermc_ecumenical_altar_flowoftime
D:3:      layout_basic, uniq_natasha

Notes
Turn   | Place    | Note
-------+----------+-------------------------------------------
     0 | D:1      | Sanktem7 the Formicid Fighter began the quest for the Orb.
     0 | D:1      | Reached XP level 1. HP: 18/18 MP: 1/1
     0 | D:1      | magus.rc [v1.9.6]
    10 | D:1      | You fall into a shaft and drop 1 floor!
   150 | D:2      | Reached XP level 2. HP: 24/24 MP: 2/2
   917 | D:2      | Found a faded altar of an unknown god.
  1108 | D:1      | Reached XP level 3. HP: 29/29 MP: 3/3
  1435 | D:1      | Reached XP level 4. HP: 36/37 MP: 4/4
  1440 | D:1      | Reached skill level 3 in Axes
  1769 | D:1      | You pick up a book of Power and begin reading...
  1769 | D:1      | You add the spells Iskenderun's Battlesphere, Iron Shot and
                  | Spellforged Servitor to your library.
  1884 | D:3      | Noticed Natasha
  1900 | D:3      | HP: 6/37 [Natasha (5)]
  1903 | D:3      | Killed from afar by Natasha

Vanquished Creatures
  A gnoll (D:1)
  2 dart slugs (D:1)
  7 bats
  4 endoplasms
  4 giant cockroaches
  5 goblins
  4 hobgoblins
  4 jackals (D:1)
  3 kobolds
  2 quokkas
  5 ball pythons
  A frilled lizard (D:2)
42 creatures vanquished.

Table legend:
 A = Non-vault XP
 B = Vault XP
 C = Vault XP percentage of total XP
 D = Non-vault monster count
 E = Vault monster count
 F = Vault count percentage of total count
                 A         B        C        D         E       F
            +---------+---------+-------+---------+---------+-------
      Total |      92 |       0 |   0.0 |      42 |       0 |   0.0
            +---------+---------+-------+---------+---------+-------
        D:1 |      64 |       0 |   0.0 |      26 |       0 |   0.0
        D:2 |      28 |       0 |   0.0 |      16 |       0 |   0.0
            +---------+---------+-------+---------+---------+-------

Illustrated notes

Table legend:
 A = Kills in this place as a percentage of kills in entire the game.
 B = Kills by you in this place as a percentage of kills by you in the entire game.
 C = Kills by friends in this place as a percentage of kills by friends in the entire game.
 D = Other kills in this place as a percentage of other kills in the entire game.
 E = Experience gained in this place as a percentage of experience gained in the entire game.
 F = Experience gained in this place divided by the number of levels of this place that you have seen.
                   A       B       C       D       E      F
               +-------+-------+-------+-------+-------+----------------------
         Total | 100.0 | 100.0 |   N/A |   N/A | 100.0 |  30.7
       Dungeon | 100.0 | 100.0 |   N/A |   N/A | 100.0 |  30.7
               +-------+-------+-------+-------+-------+----------------------

Table legend: (Time is in decaauts)
 A = Elapsed time spent in this place.
 B = Non-inter-level travel time spent in this place.
 C = Inter-level travel time spent in this place.
 D = Time resting spent in this place.
 E = Time spent auto-exploring this place.
 F = Levels seen in this place.
 G = Mean time per level.
                   A        B        C        D        E       F      G
               +--------+--------+--------+--------+--------+-----+--------+
         Total |   1997 |   1872 |    125 |      0 |   1470 |   3 |  665.7 |
       Dungeon |   1997 |   1872 |    125 |      0 |   1470 |   3 |  665.7 |
               +--------+--------+--------+--------+--------+-----+--------+

Top non-repeatable levels by time:
     D:2: 1169 daAuts
     D:1: 796 daAuts
     D:3: 31 daAuts
